AoeStats
← perpetualsigh

Arabia

509912011Analyzed
1v1 RM · 3d ago on Sep 28, 2026· 42m 38s· 2 players
Game mode
Random Map
Map size
Tiny (2 player)
Population
200
Speed
Normal
Resources
Standard
Victory
Conquest
Starting age
Dark Age
Ending age
Imperial Age
RankedLock teamsTeams togetherTeam positionsShared explorationLock speedFull tech treeHidden civsTurbo modeCheats
Victory
Defeat
🇬🇧 Varangians · United Kingdom
752
+30
🇧🇷 Varangians · Brazil
732
-15
PNLN Xavante
10:19 Feudal Age
10:50 Double-Bit Axe
10:53 Loom
12:00 Bloodlines
22:16 Castle Age
21:08 Horse Collar
21:29 Arson
23:39 Bow Saw
27:41 Gold Mining
28:45 Town Watch
30:32 Husbandry
31:02 Heavy Plow
34:55 Scale Barding Armor
34:30 Elite Skirmisher
36:54 Padded Archer Armor
36:45 Fletching
37:07 Forging
37:00 Light Cavalry
41:29 Wheelbarrow
41:00 Squires
42:21 Scale Mail Armor
perpetualsigh
5:57 Loom
9:15 Feudal Age
9:57 Double-Bit Axe
13:38 Bloodlines
15:58 Horse Collar
19:56 Wheelbarrow
25:14 Castle Age
23:48 Fletching
25:44 Gold Mining
27:50 Padded Archer Armor
27:50 Bodkin Arrow
30:22 Ballistics
30:10 Pikeman
34:45 Leather Archer Armor
36:39 Scale Mail Armor
36:50 Forging
37:42 Stone Mining
42:05 Imperial Age
Connection lost

Rejoining the realm…

Still unreachable

The connection could not be restored.

Session expired

The server has moved on; the page needs a fresh start.